 Dungeon Crawl Stone Soup version 0.18.1-8-gdd0e5ea (webtiles) character file.

57 georgeearnest the Insei (level 4, -2/24 HPs)
             Began as a Vine Stalker Monk on May 22, 2016.
             Killed from afar by Natasha (5 damage)
             ... with a magic dart
             ... on level 2 of the Dungeon.
             The game lasted 00:02:50 (1278 turns).

georgeearnest the Insei (Vine Stalker Monk)         Turns: 1278, Time: 00:02:52

Health: -2/24      AC:  2    Str: 15    XL:     4   Next: 0%
Magic:  0/5        EV: 13    Int: 10    God:
Gold:   127        SH:  0    Dex: 16    Spells: 0 memorised, 3 levels left

rFire  . . .     SeeInvis .       - Unarmed
rCold  . . .     Gourm    .     a - +0 robe
rNeg   . . .     Faith    .     (no shield)
rPois  .         Spirit   +     (no helmet)
rElec  .         Dismiss  .     (no cloak)
rCorr  +         Reflect  .     (no gloves)
SustAt .         Harm     .     (no boots)
MR     .....                    (no amulet)
Stlth  ++........               (no ring)
                                o - ring of resist corrosion

@: not resistant to hostile enchantments, unstealthy
A: fangs 2, regeneration 1, magic shield, antimagic bite, no device heal 3, rot
immunity
a: no special abilities


You were on level 2 of the Dungeon.
You were not hungry.

You visited 1 branch of the dungeon, and saw 2 of its levels.

You collected 127 gold pieces.

Inventory:

Armour
 a - a +0 robe (worn)
Jewellery
 o - a ring of resist corrosion (left hand)
Scrolls
 b - a scroll of fog {unknown}
 d - 2 scrolls of identify {unknown}
 i - a scroll of enchant armour {unknown}
 j - a scroll of enchant weapon {unknown}
 k - a scroll of amnesia {unknown}
 l - 2 scrolls of teleportation {unknown}
 m - a scroll of noise {unknown}
Potions
 e - a potion of resistance {unknown}
 f - a potion of brilliance {unknown}
 g - a potion of curing {unknown}
 n - a potion of flight {unknown}
Comestibles
 c - a beef jerky
 h - a meat ration


   Skills:
 + Level 3.1 Fighting
 + Level 3.0 Dodging
 + Level 3.0 Stealth
 + Level 4.3 Unarmed Combat


You had 3 spell levels left.
You didn't know any spells.

Dungeon Overview and Level Annotations

Branches:
Dungeon (2/15)

Altars:
Xom

Annotations:
D:2 Natasha


Innate Abilities, Weirdness & Mutations

You have extremely sharp teeth.
Your natural rate of healing is unusually fast.
When hurt, damage is shared between your health and your magic reserves.
Your bite disrupts and absorbs the magic of your enemies.
Potions and wands cannot restore your health.
You are immune to rotting.


Message History

You hit Natasha.
Natasha is moderately wounded.
Natasha casts a spell at you. The magic dart hits you!
The white imp misses you.
You closely miss Natasha.
Natasha is moderately wounded.
Natasha claws you. The white imp hits you. The white imp freezes you.
* * * LOW HITPOINT WARNING * * *
A quokka comes into view.
Natasha barely misses you. Natasha closely misses you.
Natasha mumbles some strange words.
The white imp shouts, "Run away, thou venomed beef-witted tinkerer!"
Natasha mumbles some strange words.
Natasha glows brightly for a moment.
Natasha claws you!
* * * LOW HITPOINT WARNING * * *
Natasha stares at you and mumbles some strange words.
The magic dart hits you!
You die...

#######.# #.#########..#.#.#
#.....#.########.†..........#.#.#
......#..........##########.#.#..
#.........>....#.# #.#.###
#.....#.######.#.# #.#.##.
......#.# #.#.# #....#. ..###...#
#.#.# #..#... #.###.#[# #.#.#
#.###.. ##)..##.# #.#@# #..#..[
##.###.# #.#.## ##..#..
###.###.### #..#h## #.###.
..........# #.###.## ##.#..
#######>#.# #.# ##5#########....
#.#.##.# ##5..55........ #.#.###
#.#########w... #.#.# #.# ##.##
#######.#.# #.# #.#


You could see Natasha, a white imp and a shadow imp.

Vanquished Creatures
  2 adders (D:2)
  An ooze (D:2)
  2 dart slugs (D:2)
  A giant gecko (D:1)
  2 giant cockroaches
  5 goblins
  3 hobgoblins
  3 ball pythons (D:1)
  5 bats
  2 kobolds (D:1)
  3 rats (D:1)
29 creatures vanquished.

Notes
Turn   | Place    | Note
--------------------------------------------------------------
     0 | D:1      | georgeearnest the Vine Stalker Monk began the quest for the Orb.
     0 | D:1      | Reached XP level 1. HP: 11/11 MP: 2/2
    14 | D:1      | Found a shimmering altar of Xom.
   262 | D:1      | Reached XP level 2. HP: 16/16 MP: 3/3
   994 | D:2      | Reached XP level 3. HP: 20/20 MP: 4/4
  1231 | D:2      | Reached XP level 4. HP: 21/24 MP: 5/5
  1251 | D:2      | Noticed Natasha
  1278 | D:2      | Killed from afar by Natasha

Skill      XL: |  1  2  3 |
---------------+----------+-----
Fighting       | 3 |  3.1
Dodging        | 3 |  3.0
Stealth        | 3 |  3.0
Unarmed Combat | |  4.3

Action                   |  1- 3 |  4- 6 || total
-------------------------+-------+-------++-------
Melee: Unarmed           |    78 |     8 ||    86
       Bite              |    19 |       ||    19
       Punch             |     1 |       ||     1
 Stab: Sleeping          |     5 |       ||     5
  Eat: Bread ration      |     1 |       ||     1
Armor: Robe              |    36 |     2 ||    38
Dodge: Dodged            |    99 |     5 ||   104
